 Dungeon Crawl Stone Soup version 0.28.0-55-gcd9437bce4 (webtiles) character file.

Game seed: 16829418526143285674

158 cbfl8 the Poker (level 5, 0/36 HPs)
             Began as a Merfolk Gladiator on Jan 9, 2023.
             Succumbed to a scorpion's poison
             ... on level 4 of the Dungeon.
             The game lasted 00:02:49 (3564 turns).

cbfl8 the Poker (Merfolk Gladiator)                 Turns: 3564, Time: 00:02:49

Health: 0/36       AC:  7    Str: 14    XL:     5   Next: 40%
Magic:  5/5        EV: 11    Int:  8    God:
Gold:   167        SH:  0    Dex: 21    Spells: 4/4 levels left

rFire   . . .      SeeInvis .   a - +0 trident
rCold   . . .      Faith    .   (no shield)
rNeg    . . .      Spirit   .   g - +0 scale mail
rPois   .          Reflect  .   c - +0 helmet
rElec   .          Harm     .   (no cloak)
rCorr   .          Rampage  .   (no gloves)
Will    .....                   (no boots)
Stlth   +.........              (no amulet)
HPRegen 0.12/turn               (no ring)
MPRegen 0.09/turn               (no ring)

@: brilliant, lethally poisoned (0 -> -4)
A: (nimble swimmer 2), mertail, agile 2, frail 1
a: no special abilities


You were on level 4 of the Dungeon.
You visited 1 branch of the dungeon, and saw 4 of its levels.

You collected 167 gold pieces.

Inventory:

Hand Weapons
 a - a +0 trident (weapon)
Missiles
 d - 3 throwing nets (quivered)
Armour
 c - a +0 helmet (worn)
 g - a +0 scale mail (worn)
Wands
 n - a wand of iceblast (10)
Scrolls
 b - a scroll of vulnerability {unknown}
 e - 2 scrolls of identify {unknown}
 f - a scroll of teleportation {unknown}
 h - a scroll of blinking {unknown}
 i - a scroll of brand weapon {unknown}
 j - a scroll of summoning {unknown}
 l - a scroll of noise {unknown}


   Skills:
 * Level 3.2 Fighting
 * Level 6.3 Polearms
 - Level 2.0 Throwing
 + Level 1.2 Armour
 + Level 4.7 Dodging
 + Level 0.3 Stealth
 * Level 1.0 Evocations


You had 4 spell levels left.
You didn't know any spells.
Your spell library was empty.

Dungeon Overview and Level Annotations

Branches:
Dungeon (4/15)
 Temple: D:4-7

Altars:

Shops:
D:1 (

Annotations:
D:3 Robin


Innate Abilities, Weirdness & Mutations

((You are very nimble when in or above water. (Stealth+, EV+, Speed+++)))
Your lower body shifts to a powerful aquatic tail in water.
You are very agile. (Dex +4)
You are frail. (-10% HP)


Message History

The kobold throws a stone.
The stone hits you but does no damage.
Things that are here:
a +0 club; a goblin corpse; a hobgoblin corpse You hit the kobold.
The kobold is severely wounded.
The kobold barely misses you.
You puncture the kobold!
You kill the kobold!
You hit the centaur zombie.
The centaur zombie is heavily damaged.
The centaur zombie barely misses you. The centaur zombie closely misses you.
You puncture the centaur zombie!
The centaur zombie is severely damaged.
The centaur zombie hits you.
The centaur zombie kicks you but does no damage.
You hit the scorpion but do no damage. The scorpion misses you.
You hit the scorpion but do no damage. The scorpion stings you!
You closely miss the scorpion. The scorpion closely misses you.
You hit the scorpion.
The scorpion is lightly wounded.
The scorpion stings you.
You hit the scorpion but do no damage.
The scorpion is lightly wounded.
The scorpion stings you.
You hit the scorpion but do no damage.
The scorpion is lightly wounded.
The scorpion stings you.
* * * LOW HITPOINT WARNING * * *
The scorpion stings you.
* * * LOW HITPOINT WARNING * * *
You are lethally poisoned!
The scorpion poisons you!
It was a potion of brilliance.
You feel clever all of a sudden.
* * * LOW HITPOINT WARNING * * *
You feel sick. The scorpion stings you.
* * * LOW HITPOINT WARNING * * *
* * * LOW HITPOINT WARNING * * *
You feel sick.
You die...

#.# #######.##.#
#........#.#
#.#####..#.###..
#.# #.........
##.## ##.#.###..
#...# #.#.#
#...# #.#.#
#...#####.#@#
##.###....#.#
.... #.#
#.####s# ....
#.# #.####Z#
..... #.#
#.#....# ....
#.# #......#...#
#.#
###....#...###
#.# #...........
#.# #...........


You could see a scorpion and a centaur zombie.

Vanquished Creatures
  Jessica (D:2)
  Terence (D:2)
  A hound skeleton (D:4)
  3 adders
  2 worms (D:2)
  A dart slug (D:2)
  3 orcs (D:4)
  4 ball pythons
  4 endoplasms
  5 giant cockroaches
  12 goblins
  5 hobgoblins
  3 jackals (D:1)
  2 kobolds
  A quokka (D:2)
  2 bats
  6 rats
56 creatures vanquished.

Notes
Turn   | Place    | Note
-------+----------+-------------------------------------------
     0 | D:1      | cbfl8 the Merfolk Gladiator began the quest for the Orb.
     0 | D:1      | Reached XP level 1. HP: 16/16 MP: 1/1
    72 | D:1      | Reached XP level 2. HP: 22/22 MP: 2/2
   481 | D:1      | Reached skill level 5 in Polearms
   859 | D:1      | Found Lucixzia's Weapon Emporium.
   917 | D:2      | Noticed Terence
   944 | D:2      | Killed Terence
   945 | D:2      | Reached XP level 3. HP: 16/28 MP: 3/3
  1521 | D:2      | Reached XP level 4. HP: 21/34 MP: 4/4
  2014 | D:2      | Noticed Jessica
  2033 | D:2      | Killed Jessica
  2034 | D:2      | Reached skill level 1 in Evocations
  2395 | D:3      | Reached skill level 6 in Polearms
  2396 | D:3      | Gained mutation: You are agile. (Dex +2) [potion of
                  | mutation]
  2396 | D:3      | Gained mutation: You are frail. (-10% HP) [potion of
                  | mutation]
  2396 | D:3      | Gained mutation: You are very agile. (Dex +4) [potion of
                  | mutation]
  2403 | D:3      | Reached skill level 1 in Armour
  2403 | D:3      | Reached XP level 5. HP: 13/36 MP: 5/5
  3281 | D:3      | Noticed Robin
  3563 | D:4      | HP: 1/36 [poisoned by a scorpion]
  3564 | D:4      | Succumbed to a scorpion's poison

Illustrated notes

Levels and vault maps discovered:
D:1:      co_arrival_square_in_a_square_in_a_square, layout_loops_ring,
          serial_shops, nicolae_lakefront_shop
D:2:      wad_crossroads, layout_rooms, uniq_jessica, uniq_terence
D:3:      layout_loops_ring, hellmonk_ecumenical_altar_dog_temple,
          grunt_decor_fettered, kennysheep_nub, uniq_robin, uniq_natasha,
          uniq_crazy_yiuf_cottage
D:4:      layout_basic

Skill      XL: |  1  2  3  4  5 |
---------------+----------------+-----
Polearms       | 5 6 |  6.3
Evocations     | 1 |  1.0
Armour         | 1 |  1.2
Fighting       | 3 |  3.2
Throwing       | |  2.0
Dodging        | |  4.7
Stealth        | |  0.3

Action                   |  1- 3 |  4- 6 || total
-------------------------+-------+-------++-------
Melee: Trident           |    87 |   129 ||   216
       Punch             |       |     1 ||     1
  Use: Potion            |     1 |     5 ||     6
Armor: Leather armour    |    13 |       ||    13
       Scale mail        |     6 |    44 ||    50
Dodge: Dodged            |    44 |    63 ||   107
